Cogmind - Beta 16.1 *** ADVENTURER MODE // 2026.03.10 @ 14:51:12 Player: Ms. V3-11A Result: Core destroyed Performance ------------- Evolutions (6) 3000 Regions Visited (20) 4000 Robots Destroyed (261) 1305 Value Destroyed (11766) 11766 Prototype IDs (42) 840 Alien Tech Used (1) 200 Bonus (3042) 3042 TOTAL SCORE: 24153 Bonus ------- High Alert Combat Kills 73 Follower Combat Kills 2067 Met Data Miner 300 Met Zhirov 300 Met R17 at Cetus 500 Friendly Fire -198 Cogmind --------- Core Integrity 0/1150 Matter 150/300 Energy 100/100 System Corruption 7% Temperature Critical (842) Movement Walking (301) Ox1 Location -4/Hub_04(d) Parts ------- > --- POWER (3) -------- (None) > --- PROPULSION (3) --- Myomer Exoskeleton > --- UTILITY (7) ------ Scrap Engine Advanced Heat Sink High-capacity Storage Unit Advanced Hacking Suite > --- WEAPON (6) ------- Micro-nuke Launcher Hvy. KE Penetrator Construct/C Kinetic Penetrator Construct/G > --- INVENTORY (20) --- Advanced Power Amplifier Improved Heat Sink High-capacity Storage Unit High-capacity Battery (250) Compact Battery (200) Compact Battery (200) Matter Compressor (177) Improved Matter Compressor (0) Improved Weapon Cycler Advanced Hacking Suite Advanced Hacking Suite Improved Dynamic Insulation System Transdimensional Reconstructor Advanced Variable Charge Gun Powered Hammer Peak State ------------ > --- POWER ------------ Neutrino-Quantum Core > --- PROPULSION ------- Myomer Exoskeleton > --- UTILITY ---------- Armored Scrap Engine Advanced Heat Sink Advanced Heat Sink High-capacity Storage Unit Centrium Medium Armor Plating Advanced Shield Generator > --- WEAPON ----------- Heavy Beamcaster Advanced KE Penetrator Hvy. KE Penetrator Construct/C Kinetic Penetrator Construct/G Hyp. Accelerated Rail Construct/G Laser Caster Construct/G > --- INVENTORY -------- Advanced Power Amplifier Advanced Heat Sink Large Storage Unit High-capacity Battery Compact Battery Compact Battery Matter Compressor Improved Matter Compressor Improved Weapon Cycler Improved Light Armor Plating Centrium Medium Armor Plating Advanced Hacking Suite Advanced Hacking Suite Advanced Hacking Suite Improved Dynamic Insulation System Transdimensional Reconstructor Advanced Variable Charge Gun Micro-nuke Launcher Powered Hammer [Rating: 144] Favorites ----------- Power Constructs Engine Improved Ion Engine Power Core Constructs Reactor Fusion Reactor Propulsion Constructs Treads Advanced Treads Leg Constructs Wheel Wheel Utility Armored Scrap Engine Device Armored Scrap Engine Storage High-capacity Storage Unit Processor Rainbow Chip Hackware Hacking Suite Protection Makeshift Light Armor Plating Weapon Constructs Energy Gun Constructs Energy Cannon Matter Neutralizer Ballistic Gun Autogun Ballistic Cannon Constructs Launcher Micro-nuke Launcher Impact Weapon Powered Hammer Special Melee Weapon 1B-0RG's Assimilator Build | -11 -10 -10 -8 -8 -8 -6 -6 -6 -6 -5 -5 -5 -5 -5 -4 -4 -4 -4 -4 -4 ------- Run | Yrd Mat Sub Mat Sto Rec Fac Low Low Dat Pro Fac Upp Upp Zhi Pro Fac Ext Cet Arc Hub Slots Evolved 12 | . . . 4 . . 4 . . . . 2 . . . . 2 . . . . Power 2 | . . . . . . . . . . . 1 . . . . 1 . . . . Propulsion 1 | . . . 1 . . . . . . . . . . . . . . . . . Utility 5 | . . . 2 . . 1 . . . . 1 . . . . 1 . . . . Weapon 4 | . . . 1 . . 3 . . . . . . . . . . . . . . Parts Attached 108 | 2 7 8 10 15 2 4 2 . . 1 16 1 1 2 2 13 8 8 1 5 Power 11 | . 1 1 . 3 . . . . . . 3 . 1 1 . 1 . . . . Engine 4 | . 1 1 . 1 . . . . . . . . 1 . . . . . . . Core 6 | . . . . 2 . . . . . . 3 . . . . 1 . . . . Reactor 1 | . . . . . . . . . . . . . . 1 . . . . . . Propulsion 15 | 2 . 2 3 4 . 1 . . . . 1 . . . . 2 . . . . Treads 11 | 2 . 2 2 4 . 1 . . . . . . . . . . . . . . Leg 1 | . . . 1 . . . . . . . . . . . . . . . . . Wheel 3 | . . . . . . . . . . . 1 . . . . 2 . . . . Hover . | . . . . . . . . . . . . . . . . . . . . . Flight . | . . . . . . . . . . . . . . . . . . . . . Utility 51 | . 2 2 3 3 1 2 2 . . . 11 . . 1 2 7 5 5 1 4 Device 22 | . . . 1 2 1 . 1 . . . 5 . . . 1 3 4 3 . 1 Storage 5 | . 1 . . . . 1 . . . . 1 . . 1 . . . . . 1 Processor 5 | . . . 1 . . . . . . . 2 . . . . 1 . 1 . . Hackware 4 | . . . . . . 1 . . . . 1 . . . . . . . 1 1 Protection 15 | . 1 2 1 1 . . 1 . . . 2 . . . 1 3 1 1 . 1 Artifact . | . . . . . . . . . . . . . . . . . . . . . Weapon 31 | . 4 3 4 5 1 1 . . . 1 1 1 . . . 3 3 3 . 1 Energy Gun 12 | . . . 1 2 . . . . . 1 1 1 . . . 2 1 2 . 1 Energy Cannon 2 | . . . 1 . . . . . . . . . . . . 1 . . . . Ballistic Gun 12 | . 4 2 2 3 . . . . . . . . . . . . . 1 . . Ballistic Cannon 1 | . . . . . 1 . . . . . . . . . . . . . . . Launcher 2 | . . 1 . . . . . . . . . . . . . . 1 . . . Special Weapon . | . . . . . . . . . . . . . . . . . . . . . Impact Weapon 1 | . . . . . . . . . . . . . . . . . 1 . . . Slashing Weapon . | . . . . . . . . . . . . . . . . . . . . . Piercing Weapon . | . . . . . . . . . . . . . . . . . . . . . Special Melee Weapon 1 | . . . . . . 1 . . . . . . . . . . . . . . Unidentified Prototypes 11 | . . . 1 . 1 1 . . . . 1 . . 3 1 . . 3 . . Parts Lost 51 | . . 5 1 2 1 . 2 . . 2 6 . 1 . 3 3 7 2 . 16 Power 7 | . . . . 1 . . . . . 1 . . 1 . . 1 . . . 3 Propulsion 12 | . . 2 . 1 . . 1 . . 1 2 . . . 1 1 1 . . 2 Utility 16 | . . 2 . . 1 . . . . . 4 . . . . 1 3 1 . 4 Weapon 16 | . . 1 1 . . . 1 . . . . . . . 2 . 3 1 . 7 Highest Loss Streak 10 | . . 3 1 2 1 . 1 . . 2 2 . 1 . 1 2 6 2 . 10 To Critical Strikes 2 | . . . . 1 . . . . . . . . . . . . . 1 . . Average Backups 14 | 6 9 12 9 9 9 9 10 12 13 13 16 17 17 18 18 18 19 19 19 18 Power . | 1 1 2 . . . . . 1 . . . . . . . . . . . . Propulsion . | 4 . . 1 . 2 1 1 1 . . . . . . . . . . . . Utility 10 | . 4 5 6 7 6 6 7 9 12 12 14 16 16 16 16 16 17 16 15 13 Weapon 1 | 1 3 3 1 . . . 1 1 1 . 1 1 1 1 1 1 . 2 3 3 Tool/Special . | . . . . . . . . . . . . . . . . . . . . . Unused Backups 52 | . 7 6 5 . . 2 5 5 . . 6 1 1 3 . . . 1 . 10 Power 8 | . 2 2 1 . . . 1 2 . . . . . . . . . . . . Propulsion 6 | . . . 2 . . . 1 3 . . . . . . . . . . . . Utility 23 | . 1 2 1 . . 2 . . . . 3 . 1 3 . . . 1 . 9 Weapon 14 | . 4 2 1 . . . 3 . . . 3 1 . . . . . . . . Tool/Special 1 | . . . . . . . . . . . . . . . . . . . . 1 Average Slot Usage (%) 69 | . 98 99 94 98 91 62 57 46 46 45 48 58 52 51 47 58 64 67 73 68 Engine 2 | . 14 14 9 3 . 2 . . . . . . 1 2 . . . . . . Core 4 | . . . . 5 9 3 5 6 6 2 9 15 6 5 5 5 3 3 . 1 Treads 12 | . 28 27 24 26 27 19 12 6 6 6 2 4 5 5 5 . 3 5 5 3 Device 10 | . . . 1 9 8 6 6 13 13 13 8 15 15 14 13 19 20 13 21 14 Storage 7 | . 14 14 9 9 9 6 6 6 6 6 4 5 5 5 5 4 5 5 5 5 Processor 1 | . . . 7 9 . . . . . . 1 5 5 5 5 . . 2 . . Hackware 1 | . . . . . . 2 5 . . . 2 . . . . . . . . 4 Protection 7 | . 12 13 16 9 14 6 6 6 6 6 3 . . . 1 4 4 7 5 4 Energy Gun 4 | . . . 4 9 9 4 . . . 3 3 3 5 5 . 2 7 10 21 11 Ballistic Gun 9 | . 27 27 17 17 12 1 5 . . . . . . . . 1 6 10 10 13 Ballistic Cannon 1 | . . . . . . . . 6 6 . 3 5 5 5 5 4 4 . . . Peak Build Rating 144 | 6 13 23 41 43 57 114 118 60 58 60 95 98 98 97 96 115 127 138 144 138 Average Rating 74 | 4 11 15 37 40 46 110 98 56 58 58 76 97 90 94 88 92 115 122 138 127 On Entrance 71 | 6 6 13 23 41 43 54 113 54 58 58 60 95 98 92 96 84 115 114 138 135 Avg Prop Armor Cover (%) 3 | . . . 4 . . . . . . . 16 2 2 . . 6 . . . . Naked Turns . | . . . . . . . . . . . . . . . . . . . . . Heaviest Build 128 | 13 40 40 49 42 45 109 111 63 63 63 73 73 73 75 75 105 126 128 123 128 Greatest Support 136 | 40 40 40 60 66 66 66 55 74 74 74 73 61 100 100 100 117 136 65 77 119 Greatest Overweight (x) 6 | . . 1 1 . . 2 2 1 . 1 6 1 1 . 1 4 1 1 1 1 Average Overweight (x) . | . . . . . . 1 1 . . . 1 1 . . . 1 . 1 1 . Largest Inventory Capacity 20 | 8 15 15 15 15 15 20 20 20 20 20 20 20 20 20 20 20 20 20 20 20 Average Capacity 18 | 8 12 15 15 15 15 19 20 20 20 20 20 20 20 20 20 20 20 20 20 20 Most Carried 20 | 6 15 15 15 15 15 15 20 17 14 17 20 20 20 20 20 20 20 20 19 20 Average Carried 15 | 4 9 14 14 14 14 10 11 13 14 14 18 19 19 19 19 19 19 19 19 18 Final Capacity 20 | 8 15 15 15 15 15 20 20 20 20 20 20 20 20 20 20 20 20 20 20 20 Final Carried 20 | 2 15 15 15 15 15 9 12 14 14 16 20 19 20 20 20 20 20 19 19 15 Scrap Engine Consumption 270 | . . . . . 15 23 11 7 . 5 21 5 2 3 3 37 65 26 6 41 Constructs Created 11 | . . . . . 1 2 . . . . 1 . . . . 1 2 2 . 2 Constructs Modified 101 | . . . . . . 8 9 3 . 2 7 4 2 1 1 11 27 6 5 15 Class Distribution -------------------- 20% | Construct 18% | Mutant 12% | Tank 10% | Hacker-Mutant 6% | Scavenger-Gunner 5% | Commander-Mutant 5% | Hacker-Construct 5% | Scavenger-Construct 3% | Hacker-Tank 3% | Commander-Tank 3% | Gunner Dominant Class ---------------- Mutant | -10/Materials Mutant | -10/Subcaves Tank | -8/Materials Gunner | -8/Storage Commander-Mutant | -8/Recycling Hacker-Mutant | -6/Factory Hacker-Mutant | -6/Lower Caves Construct | -6/Lower Caves Construct | -6/Data Miner Construct | -5/Proximity Caves Hacker-Tank | -5/Factory Scavenger-Gunner | -5/Upper Caves Scavenger-Gunner | -5/Upper Caves Construct | -5/Zhirov Construct | -4/Proximity Caves Tank | -4/Factory Construct | -4/Extension Construct | -4/Cetus Scavenger-Construct | -4/Archives Hacker-Construct | -4/Hub_04(d) Resources | -11 -10 -10 -8 -8 -8 -6 -6 -6 -6 -5 -5 -5 -5 -5 -4 -4 -4 -4 -4 -4 ----------- Run | Yrd Mat Sub Mat Sto Rec Fac Low Low Dat Pro Fac Upp Upp Zhi Pro Fac Ext Cet Arc Hub Matter Collected 9683 | 200 436 915 828 390 343 1063 1031 361 . 141 686 185 50 464 95 192 521 365 79 1338 Remotely . | . . . . . . . . . . . . . . . . . . . . . Salvage Created 14440 | . 507 592 879 1056 423 152 381 621 . 628 926 435 298 224 537 1841 1750 300 404 2486 Parts 694 | . 38 29 47 70 16 12 18 32 . 18 45 25 7 2 24 97 72 17 15 110 Haulers Intercepted 8 | . 2 . 2 1 . . . . . . 1 . . . . 1 . . . 1 Recyclers Shooed 5 | . . . . . . . . . . . 1 . . . . 3 1 . . . Parts Field Recycled . | . . . . . . . . . . . . . . . . . . . . . Retrieved Matter . | . . . . . . . . . . . . . . . . . . . . . Parts Self-Destructed 129 | . . 26 . . . . 20 24 . 15 . 18 4 1 21 . . . . . Prevented 11 | . . . . . . . 7 . . . . 2 1 . 1 . . . . . Parts Restored . | . . . . . . . . . . . . . . . . . . . . . Kills | -11 -10 -10 -8 -8 -8 -6 -6 -6 -6 -5 -5 -5 -5 -5 -4 -4 -4 -4 -4 -4 ------- Run | Yrd Mat Sub Mat Sto Rec Fac Low Low Dat Pro Fac Upp Upp Zhi Pro Fac Ext Cet Arc Hub Combat Hostiles Destroyed 214 | . 13 11 11 16 9 3 10 12 . 9 13 7 4 . 12 25 20 4 4 31 Guns 137 | . 13 10 10 16 9 3 9 . . 4 7 4 3 . 4 4 9 4 4 24 Cannons 69 | . . . 1 . . . . 12 . 5 6 3 1 . 7 20 11 . . 3 AOE 7 | . . 1 . . . . . . . . . . . . 1 1 . . . 4 Classes Destroyed 21 | . 6 2 4 2 3 . . 1 . . 1 1 . . . . . . . 1 Worker 7 | . 1 . . . . . . . . . 1 . . . . 1 . . . 4 Builder 7 | . . . 1 . 1 1 . . . . 1 . . . . 1 1 . . 1 Tunneler 1 | . . . . . . . . . . . . . . . . . . . . 1 Hauler 8 | . 2 . 2 1 . . . . . . 1 . . . . 1 . . . 1 Recycler 14 | . . . 3 2 . . . . . . 1 . . . . 3 2 . . 3 Mechanic 2 | . 1 . . 1 . . . . . . . . . . . . . . . . Operator 5 | . . . . 1 . . . . . . . . . . . . 2 . 1 1 Watcher 3 | . 1 . . . . . . . . . 1 . . . . . . . . 1 Swarmer 54 | . 8 3 1 . 1 1 6 7 . . . 5 3 . 7 9 . . . 3 Grunt 51 | . 5 . 5 8 . . 3 3 . 7 3 . . . 2 . 8 . . 7 Brawler 3 | . . . . . 1 . . 1 . . . . . . . . 1 . . . Duelist 5 | . . . . 1 . . . . . 1 . . . . . . 3 . . . Protector 1 | . . . . . 1 . . . . . . . . . . . . . . . Sentry 33 | . . . 4 6 1 . 1 . . 1 1 1 1 . 1 4 3 . 4 5 Hunter 24 | . . . 1 1 . 1 . . . . . . . . 2 6 3 . . 10 Programmer 23 | . . . . . 1 1 . 1 . . 8 . . . . 6 . . . 6 Heavy 1 | . . . . . . . . . . . 1 . . . . . . . . . Behemoth 1 | . . . . . . . . . . . . 1 . . . . . . . . Cetus Guard 4 | . . . . . . . . . . . . . . . . . . 4 . . Cobbler 2 | . . 2 . . . . . . . . . . . . . . . . . . Subdweller 12 | . . 8 . . 4 . . . . . . . . . . . . . . . Samaritan 10 | . . . . . . . . 3 . 1 . 3 3 . . . . . . . Thug 2 | . . . . . . . . . . . . . . . . . 2 . . . Best Kill Streak 10 | . 4 3 3 7 4 2 4 3 . 4 3 5 3 . 4 5 7 3 2 10 Combat Bots Only 7 | . 4 3 3 5 3 1 4 3 . 4 3 5 3 . 4 5 7 3 2 7 Max Kills in Single Turn 3 | . 2 1 2 2 2 1 1 1 . 1 1 1 1 . 1 1 2 1 1 3 Gunslinging 1 | . 1 . . 1 . . . . . . . . . . . . 1 . . 1 Exploded 2 | . . 1 . . . . . . . . . . . . 1 1 . . . 2 Melee . | . . . . . . . . . . . . . . . . . . . . . Uniques/NPCs Destroyed . | . . . . . . . . . . . . . . . . . . . . . Combat | -11 -10 -10 -8 -8 -8 -6 -6 -6 -6 -5 -5 -5 -5 -5 -4 -4 -4 -4 -4 -4 -------- Run | Yrd Mat Sub Mat Sto Rec Fac Low Low Dat Pro Fac Upp Upp Zhi Pro Fac Ext Cet Arc Hub Hostile Shots Fired 1977 | . 51 55 118 78 15 110 121 86 . 94 146 40 25 . 96 231 199 44 40 428 Missed 603 | . 16 12 28 26 3 41 38 24 . 36 38 12 11 . 41 82 51 14 11 119 Hits 1374 | . 35 43 90 52 12 69 83 62 . 58 108 28 14 . 55 149 148 30 29 309 Melee 6 | . . . . 2 . . . 3 . 1 . . . . . . . . . . Projectile 1368 | . 35 43 90 50 12 69 83 59 . 57 108 28 14 . 55 149 148 30 29 309 AOE 11 | . . 10 . . 1 . . . . . . . . . . . . . . . Critical Strikes 56 | . . 1 3 3 . 1 5 5 . 6 3 . . . 1 3 10 6 . 9 Part Disruptions 1 | . . . . . . . . . . . . . . . . 1 . . . . Damage Taken 19095 | . 234 910 777 587 227 626 981 784 . 872 2213 459 203 . 778 1395 2100 659 430 4860 Core 2138 | . 54 54 89 36 12 97 126 71 . 98 80 16 14 . 92 177 121 76 15 910 Absorbed by Shields 1431 | . . . . . . 30 . . . . . . . . . 422 492 . 154 333 Redirected to Shielding 129 | . . . . . . . . . . . 46 . . . 53 30 . . . . Ignored by Resistances 5696 | . 78 251 317 166 63 183 270 224 . 237 612 128 58 . 222 504 730 178 161 1314 Regen/Repaired (Parts) 4954 | . 83 . . 250 5 241 366 53 . 184 567 293 7 100 143 611 887 467 166 531 Core Remaining (%) 72 | 100 . 56 . . 75 . . . . 53 . . . . 79 . . . . . Volleys Fired 803 | . 35 72 39 37 28 31 44 46 . 39 58 29 23 2 39 98 58 18 18 89 Largest 6 | . 2 2 3 3 3 1 1 1 . 2 2 2 1 1 1 2 5 4 6 6 Hottest 361 | . 46 46 111 106 108 30 24 40 . 109 140 125 65 65 65 145 318 220 335 361 Shots Fired 1599 | . 70 138 109 111 72 31 44 46 . 41 78 34 23 3 38 147 201 55 66 292 Gun 1219 | . 70 131 89 111 67 31 44 . . 22 32 20 10 3 8 49 151 55 66 260 Cannon 368 | . . . 20 . 5 . . 46 . 19 46 14 13 . 30 98 50 . . 27 Launcher 12 | . . 7 . . . . . . . . . . . . . . . . . 5 Special . | . . . . . . . . . . . . . . . . . . . . . Kinetic 1158 | . 70 131 77 74 50 29 . 46 . . 46 14 13 . 30 123 140 47 49 219 Thermal 344 | . . . 32 37 22 2 . . . 41 32 . . . . 24 61 8 17 68 Explosive 12 | . . 7 . . . . . . . . . . . . . . . . . 5 Electromagnetic 85 | . . . . . . . 44 . . . . 20 10 3 8 . . . . . Robot Hit Streak 50 | . 14 33 27 32 40 50 18 11 . 18 24 11 6 9 13 39 40 8 19 14 Robot Miss Streak 6 | . 3 2 1 1 1 2 2 3 . 1 3 1 1 . 2 4 3 2 2 6 Penetration Max 1 | . . . 1 1 . . . . . . . . . . . 1 1 1 1 1 Secondary Targets 18 | . 3 . 1 6 . . . . . . . . . . . . 3 1 . 4 Max Gunslinging Chain 1 | . 1 . 1 1 . . . . . . . . . . . . 1 1 . 1 Shots Hit Robots 1200 | . 53 99 87 89 49 26 42 32 . 37 65 27 18 3 31 107 149 43 54 189 Core Hits 510 | . 22 26 28 38 14 12 28 15 . 18 36 11 4 5 11 36 68 16 21 101 Critical Kills 6 | . . 1 . . 1 . . . . . . . . . . . 1 . 1 2 Critical Parts Destroyed 18 | . 2 . 2 . 1 . . . . . . . . . . 1 . . 3 9 Critical Strikes 40 | . 2 1 2 3 2 1 . . . 2 . . . . . 1 2 2 5 17 Burn 12 | . . . . 3 . . . . . 2 . . . . . . 1 1 . 5 Destroy 27 | . 2 1 2 . 2 . . . . . . . . . . 1 1 1 5 12 Blast 1 | . . . . . . 1 . . . . . . . . . . . . . . Melee Attacks 9 | . . . . . . . . . . . . . . . . . 9 . . . Impact 9 | . . . . . . . . . . . . . . . . . 9 . . . Slashing . | . . . . . . . . . . . . . . . . . . . . . Piercing . | . . . . . . . . . . . . . . . . . . . . . Sneak Attacks . | . . . . . . . . . . . . . . . . . . . . . Combat Hostiles . | . . . . . . . . . . . . . . . . . . . . . Follow-up Attacks . | . . . . . . . . . . . . . . . . . . . . . Damage Inflicted 36291 | . 817 1544 1622 1544 924 545 837 1321 . 1262 3490 1533 1018 176 1876 4710 4616 1140 1417 5899 Guns 19768 | . 800 1494 1205 1544 924 545 837 . . 378 1094 329 153 30 148 832 2708 1140 1417 4190 Cannons 14753 | . . . 417 . . . . 1321 . 884 2001 1204 865 . 1673 3770 1908 . . 710 Explosions 1752 | . . 50 . . . . . . . . 395 . . 146 55 108 . . . 998 Melee . | . . . . . . . . . . . . . . . . . . . . . Ramming 18 | . 17 . . . . . . . . . . . . . . . . . . 1 Kinetic 25984 | . 800 1494 1013 892 568 503 . 1321 . . 2001 1204 865 . 1673 4182 3488 995 1094 3891 Thermal 7744 | . . . 609 652 356 42 . . . 1262 1489 . . 146 55 528 1128 145 323 1009 Explosive 1048 | . . 50 . . . . . . . . . . . . . . . . . 998 Electromagnetic 1497 | . . . . . . . 837 . . . . 329 153 30 148 . . . . . Impact . | . . . . . . . . . . . . . . . . . . . . . Slashing . | . . . . . . . . . . . . . . . . . . . . . Piercing . | . . . . . . . . . . . . . . . . . . . . . Highest Corruption 10 | . 1 1 . . 1 3 3 3 3 3 10 10 10 10 10 3 3 3 3 7 Average Corruption 3 | . 1 1 . . 1 2 3 3 3 3 5 10 10 10 10 2 3 3 3 4 Corruption Purged . | . . . . . . . . . . . . . . . . . . . . . Corruption Blocked . | . . . . . . . . . . . . . . . . . . . . . Effects 346 | . 3 17 . . 15 13 40 21 3 10 38 28 26 6 26 7 34 8 10 41 Message Errors 86 | . . 7 . . 6 4 6 4 2 3 6 3 6 3 7 1 9 1 2 16 Matter Fused 81 | . 1 3 . . 2 2 16 4 . 3 6 8 4 . 6 2 10 2 1 11 Heat Flow Errors 43 | . 1 2 . . . 1 2 7 . 1 8 5 1 1 5 1 2 2 . 4 Energy Discharges 42 | . . 2 . . 2 1 6 3 1 2 6 5 4 . 2 . 4 1 1 2 Parts Rejected 4 | . . . . . . . 1 1 . . . . . . . . . 1 . 1 Parts Fused 4 | . . . . . . . . . . . 2 . . . 1 . 1 . . . Data Loss (minor) 37 | . 1 1 . . 3 3 6 . . 1 3 2 3 1 3 2 2 . 2 4 Data Loss (major) 17 | . . 1 . . . 2 2 1 . . . 1 5 . 1 1 1 . 2 . Misfires 16 | . . 1 . . . . . . . . 2 4 1 1 . . 3 . 2 2 Alerts 12 | . . . . . 2 . 1 1 . . 4 . 1 . . . 2 . . 1 Misdirections 1 | . . . . . . . . . . . 1 . . . . . . . . . Weapon Failures 3 | . . . . . . . . . . . . . 1 . 1 . . 1 . . Overload Shots . | . . . . . . . . . . . . . . . . . . . . . Overflow Damage 1376 | . 2 . 15 . . . . 88 . 38 287 69 246 . 143 377 36 . . 75 Projectiles 1167 | . . . 15 . . . . 88 . 38 204 69 246 . 113 334 36 . . 24 Explosions 207 | . . . . . . . . . . . 83 . . . 30 43 . . . 51 Melee 2 | . 2 . . . . . . . . . . . . . . . . . . . Knockbacks 48 | . . . . . . . . 7 . . 7 . . . 9 12 9 . . 4 Impact . | . . . . . . . . . . . . . . . . . . . . . Kinetic 44 | . . . . . . . . 6 . . 7 . . . 9 12 6 . . 4 Secondary 4 | . . . . . . . . 1 . . . . . . . . 3 . . . Self-Inflicted Damage 66 | . . 8 . . . . . . . . 34 . . . . . . . . 24 Shots 4 | . . 1 . . . . . . . . 1 . . . . . . . . 2 Rammed . | . . . . . . . . . . . . . . . . . . . . . Targets Rammed 2 | . 1 . . . . . . . . . . . . . . . . . . 1 Kicked 1 | . . . . . . . . . . . . . . . . . . . . 1 Crushed 1 | . 1 . . . . . . . . . . . . . . . . . . . Highest Temperature 986 | . 268 223 370 63 105 90 228 244 . 99 469 231 194 206 185 296 614 672 322 986 Average Temperature 138 | . 66 109 151 16 32 11 72 104 . 45 109 53 27 82 41 89 118 300 80 255 Received Heat Transfer 4095 | . 60 60 387 288 48 123 384 72 . 579 196 57 18 . 102 57 410 81 54 1119 Effects 85 | . . . 2 . . . . . . . 2 . . . . 1 7 15 . 58 Shutdowns 19 | . . . . . . . . . . . 2 . . . . . 3 4 . 10 Energy Bleed 14 | . . . 2 . . . . . . . . . . . . . 1 4 . 7 Interference 9 | . . . . . . . . . . . . . . . . 1 2 3 . 3 Matter Decay 6 | . . . . . . . . . . . . . . . . . . 3 . 3 Short Circuit 3 | . . . . . . . . . . . . . . . . . . 1 . 2 Damage (minor) 8 | . . . . . . . . . . . . . . . . . 1 . . 7 Damage (major) 23 | . . . . . . . . . . . . . . . . . . . . 23 Damage (core) 3 | . . . . . . . . . . . . . . . . . . . . 3 Siege Activations . | . . . . . . . . . . . . . . . . . . . . . Martial Activations . | . . . . . . . . . . . . . . . . . . . . . Shielding Activations . | . . . . . . . . . . . . . . . . . . . . . Robots Disrupted . | . . . . . . . . . . . . . . . . . . . . . Combat Hostiles . | . . . . . . . . . . . . . . . . . . . . . Robots Corrupted 1 | . . . . . . . 1 . . . . . . . . . . . . . Combat Hostiles 1 | . . . . . . . 1 . . . . . . . . . . . . . Parts Fried 12 | . . . . . . . 3 . . . . 6 3 . . . . . . . Impact Corruptions 1 | . 1 . . . . . . . . . . . . . . . . . . . Robots Melted . | . . . . . . . . . . . . . . . . . . . . . Combat Hostiles . | . . . . . . . . . . . . . . . . . . . . . Parts Melted 18 | . . . . . 2 . . . . 5 3 . . . . . 5 . . 3 Heat Transferred 11908 | . . . 1036 1517 703 40 . . . 1554 1850 . . 150 50 679 1739 296 481 1813 Parts Sabotaged . | . . . . . . . . . . . . . . . . . . . . . Parts Stolen . | . . . . . . . . . . . . . . . . . . . . . Parts Stripped . | . . . . . . . . . . . . . . . . . . . . . Power Chain Reactions 2 | . . . . . . . . . . . . . . 1 1 . . . . . Alert | -11 -10 -10 -8 -8 -8 -6 -6 -6 -6 -5 -5 -5 -5 -5 -4 -4 -4 -4 -4 -4 ------- Run | Yrd Mat Sub Mat Sto Rec Fac Low Low Dat Pro Fac Upp Upp Zhi Pro Fac Ext Cet Arc Hub Maximum Alert Level 2 | . . . . . . 1 . . . . . . . . . 1 2 . . 1 Low Security (%) 88 | 100 100 . 100 100 100 92 . . . . 100 . . . . 97 55 100 100 41 Level 1 10 | . . . . . . 7 . . . . . . . . . 2 30 . . 58 Level 2 1 | . . . . . . . . . . . . . . . . . 13 . . . Level 3 . | . . . . . . . . . . . . . . . . . . . . . Level 4 . | . . . . . . . . . . . . . . . . . . . . . Level 5 . | . . . . . . . . . . . . . . . . . . . . . High Security . | . . . . . . . . . . . . . . . . . . . . . Max Security . | . . . . . . . . . . . . . . . . . . . . . Peak Influence 520 | . 196 . 69 192 54 244 . . . . 114 . . . . 209 520 174 75 344 Initial 174 | . . . . 12 . . . . . . 2 . . . . . 48 174 . . Average 72 | . 44 . 14 63 1 74 . . . . 10 . . . . 90 209 26 21 194 Influence Increases 7831 | . 379 120 328 472 146 631 417 295 . 215 462 160 80 5 300 819 1450 203 120 1229 Destroy 0b10 Robot/C 4900 | . 260 60 220 320 100 280 340 240 . 180 260 140 80 . 240 500 820 160 80 620 Destroy 0b10 Robot/NC 275 | . 25 . 30 25 20 10 . . . . 25 . . 5 . 30 35 5 5 60 Destroy Leader 886 | . 56 . 64 102 . 80 30 40 . 20 74 20 . . 30 122 84 . . 164 Allied During Kill 449 | . . . . . 9 46 17 . . . . . . . . . 343 34 . . Successful Hack 95 | . 29 . 4 6 15 5 . . . . 16 . . . . . 4 . . 16 Disable Machine 261 | . 9 . 9 . . 9 . . . . 9 . . . . 54 27 . 27 117 Anti-Garrison Action 200 | . . . . . . 200 . . . . . . . . . . . . . . Destroy Structure 450 | . . . 1 4 2 1 . . . . 48 . . . . 98 62 4 8 222 Lose Combat Pursuer 315 | . . 60 . 15 . . 30 15 . 15 30 . . . 30 15 75 . . 30 Influence Decreases 7511 | . 379 120 293 507 146 624 424 210 85 210 435 192 80 5 300 704 1208 560 120 909 Entered New Map 380 | . . . . 23 . . 4 . 85 . 3 15 . . . . 67 183 . . Time Decay 6204 | . 379 90 283 464 141 512 320 210 . 190 395 177 70 5 280 674 971 174 120 749 Lost Part 452 | . . 30 10 20 5 . 20 . . 20 37 . 10 . 20 30 70 20 . 160 Lost Ally 475 | . . . . . . 112 80 . . . . . . . . . 100 183 . . Squads Dispatched 37 | . 1 . 3 2 . 6 . . . . 6 . . . . 4 3 . . 12 Investigation 7 | . 1 . 2 1 . 1 . . . . . . . . . . 2 . . . Extermination 13 | . . . . . . 3 . . . . 4 . . . . 3 . . . 3 Reinforcement 13 | . . . . 1 . 1 . . . . 2 . . . . 1 1 . . 7 Assault . | . . . . . . . . . . . . . . . . . . . . . Garrison 4 | . . . 1 . . 1 . . . . . . . . . . . . . 2 Intercept . | . . . . . . . . . . . . . . . . . . . . . Searches Triggered . | . . . . . . . . . . . . . . . . . . . . . Construction Impeded 2 | . . . . . . 1 . . . . . . . . . . . . . 1 Haulers Reinforced 1 | . . . . . . . . . . . . . . . . . . . . 1 Active Scanning Responses . | . . . . . . . . . . . . . . . . . . . . . Cargo Convoy Interrupts 1 | . . . . . . . . . . . 1 . . . . . . . . . Stealth | -11 -10 -10 -8 -8 -8 -6 -6 -6 -6 -5 -5 -5 -5 -5 -4 -4 -4 -4 -4 -4 --------- Run | Yrd Mat Sub Mat Sto Rec Fac Low Low Dat Pro Fac Upp Upp Zhi Pro Fac Ext Cet Arc Hub Distress Signals 20 | . 1 . 1 5 2 2 . . . . 2 . . . . 1 2 2 . 2 Communications Jammed . | . . . . . . . . . . . . . . . . . . . . . Distress Signals . | . . . . . . . . . . . . . . . . . . . . . Times Spotted 355 | . 26 12 19 27 10 24 20 13 . 10 18 7 4 . 14 35 45 11 10 50 Peak Tracking Total 10 | . 5 3 9 5 3 4 7 4 . 5 4 5 3 . 4 5 6 5 2 10 Tactical Retreats 17 | . . 2 . 1 1 . 1 1 . 1 2 . . . 2 1 3 . . 2 Traps | -11 -10 -10 -8 -8 -8 -6 -6 -6 -6 -5 -5 -5 -5 -5 -4 -4 -4 -4 -4 -4 ------- Run | Yrd Mat Sub Mat Sto Rec Fac Low Low Dat Pro Fac Upp Upp Zhi Pro Fac Ext Cet Arc Hub Traps Triggered 17 | . 5 . 3 1 . 1 . . . . . . . . . 2 4 . . 1 Indirectly . | . . . . . . . . . . . . . . . . . . . . . Trap Hack Attempts . | . . . . . . . . . . . . . . . . . . . . . Triggered . | . . . . . . . . . . . . . . . . . . . . . Disarmed . | . . . . . . . . . . . . . . . . . . . . . Reprogrammed . | . . . . . . . . . . . . . . . . . . . . . Reused . | . . . . . . . . . . . . . . . . . . . . . Traps Extracted . | . . . . . . . . . . . . . . . . . . . . . Installed 1 | . . . . . . . . . . . 1 . . . . . . . . . Triggered . | . . . . . . . . . . . . . . . . . . . . . Most Traps Carried 1 | . . 1 . . . . . . . . 1 . . . . . . . . . Machines | -11 -10 -10 -8 -8 -8 -6 -6 -6 -6 -5 -5 -5 -5 -5 -4 -4 -4 -4 -4 -4 ---------- Run | Yrd Mat Sub Mat Sto Rec Fac Low Low Dat Pro Fac Upp Upp Zhi Pro Fac Ext Cet Arc Hub Machines Disabled 35 | . 1 3 1 . . 1 . . . . 1 . . 2 . 6 4 . 3 13 Max in Single Turn 5 | . 1 2 1 . . 1 . . . . 1 . . 1 . 5 1 . 1 2 Garrison Access 4 | . . . 1 1 . 1 . . . . . . . . . . . . . 1 Machines Repaired . | . . . . . . . . . . . . . . . . . . . . . Machines Dismantled . | . . . . . . . . . . . . . . . . . . . . . Machines Sabotaged . | . . . . . . . . . . . . . . . . . . . . . Overloaded Fab Kills . | . . . . . . . . . . . . . . . . . . . . . Hacking | -11 -10 -10 -8 -8 -8 -6 -6 -6 -6 -5 -5 -5 -5 -5 -4 -4 -4 -4 -4 -4 --------- Run | Yrd Mat Sub Mat Sto Rec Fac Low Low Dat Pro Fac Upp Upp Zhi Pro Fac Ext Cet Arc Hub Machines Accessed 58 | . 9 . 4 7 10 5 1 . 2 . 5 . 1 4 . 3 2 . . 5 Terminals 35 | . 8 . 3 5 6 1 1 . . . 3 . 1 . . 1 2 . . 4 Fabricators 2 | . . . . . . 2 . . . . . . . . . . . . . . Repair Stations 2 | . 1 . . 1 . . . . . . . . . . . . . . . . Recycling Units 5 | . . . . . 3 . . . . . 1 . . . . 1 . . . . Scanalyzers 3 | . . . . . . 1 . . . . 1 . . . . 1 . . . . Garrison Access 4 | . . . 1 1 . 1 . . . . . . . . . . . . . 1 Total Hacks 183 | . 31 . 11 32 28 13 3 . 16 . 10 . 1 16 . 3 3 . . 16 Successful 115 | . 17 . 3 17 18 6 3 . 16 . 3 . 1 16 . 1 2 . . 12 Failed 68 | . 14 . 8 15 10 7 . . . . 7 . . . . 2 1 . . 4 Catastrophic 7 | . 1 . 1 1 2 . . . . . 1 . . . . 1 . . . . Database Lockouts . | . . . . . . . . . . . . . . . . . . . . . Manual 101 | . 25 . 10 22 19 8 . . . . 2 . . . . 1 3 . . 11 Terminals 117 | . 28 . 10 21 23 6 3 . . . 6 . 1 . . 1 3 . . 15 Fabricators 2 | . . . . . . 2 . . . . . . . . . . . . . . Repair Stations 12 | . 3 . . 9 . . . . . . . . . . . . . . . . Recycling Units 6 | . . . . . 3 . . . . . 2 . . . . 1 . . . . Scanalyzers 5 | . . . . . . 2 . . . . 2 . . . . 1 . . . . Garrison Access 7 | . . . 1 2 . 3 . . . . . . . . . . . . . 1 Terminal Hacks 57 | . 7 . . 2 7 1 3 . 16 . 1 . 1 16 . . . . . 3 Record 9 | . . . . . . . 3 . . . . . 1 5 . . . . . . Part Schematic 15 | . 1 . . . 3 . . . 8 . . . . 3 . . . . . . Robot Schematic 5 | . . . . . . . . . 5 . . . . . . . . . . . Robot Analysis 9 | . 3 . . . 1 . . . . . 1 . . 4 . . . . . . Prototype ID Bank 10 | . 2 . . . . . . . 3 . . . . 4 . . . . . 1 Branch Access Points 1 | . . . . 1 . . . . . . . . . . . . . . . . Terminal Index 5 | . 1 . . 1 1 1 . . . . . . . . . . . . . 1 Locate Traps 1 | . . . . . . . . . . . . . . . . . . . . 1 Release Object 2 | . . . . . 2 . . . . . . . . . . . . . . . Fabricator Hacks 1 | . . . . . . 1 . . . . . . . . . . . . . . Network Status 1 | . . . . . . 1 . . . . . . . . . . . . . . Repair Station Hacks 8 | . 2 . . 6 . . . . . . . . . . . . . . . . Scan Component 4 | . 1 . . 3 . . . . . . . . . . . . . . . . Repair 4 | . 1 . . 3 . . . . . . . . . . . . . . . . Recycling Unit Hacks 5 | . . . . . 3 . . . . . 1 . . . . 1 . . . . Retrieve Components 5 | . . . . . 3 . . . . . 1 . . . . 1 . . . . Scanalyzer 2 | . . . . . . 1 . . . . 1 . . . . . . . . . Insert Component 2 | . . . . . . 1 . . . . 1 . . . . . . . . . Garrison Access Hacks 3 | . . . 1 1 . . . . . . . . . . . . . . . 1 Seal Access 3 | . . . 1 1 . . . . . . . . . . . . . . . 1 Unauthorized Hacks 39 | . 8 . 2 8 8 3 . . . . . . . . . . 2 . . 8 Terminals 37 | . 8 . 2 8 8 1 . . . . . . . . . . 2 . . 8 Botnet 18 | . 3 . 2 3 3 1 . . . . . . . . . . 2 . . 4 Skim 19 | . 5 . . 5 5 . . . . . . . . . . . . . . 4 Fabricators 1 | . . . . . . 1 . . . . . . . . . . . . . . Liberate 1 | . . . . . . 1 . . . . . . . . . . . . . . Repair Stations . | . . . . . . . . . . . . . . . . . . . . . Recycling Units . | . . . . . . . . . . . . . . . . . . . . . Scanalyzers . | . . . . . . . . . . . . . . . . . . . . . Garrison Access 1 | . . . . . . 1 . . . . . . . . . . . . . . Jam 1 | . . . . . . 1 . . . . . . . . . . . . . . Data Cores Recovered 2 | . . . . 1 . . . . . . . . . . . . 1 . . . Used . | . . . . . . . . . . . . . . . . . . . . . Hacking Detections 40 | . 8 . 3 6 6 4 1 . . . 4 . 1 . . 2 2 . . 3 Full Trace Events 1 | . . . 1 . . . . . . . . . . . . . . . . . Feedback Events . | . . . . . . . . . . . . . . . . . . . . . Feedback Blocked . | . . . . . . . . . . . . . . . . . . . . . Robot Schematics Acquired 5 | . . . . . . . . . 5 . . . . . . . . . . . Robots Built . | . . . . . . . . . . . . . . . . . . . . . Authchips . | . . . . . . . . . . . . . . . . . . . . . Time . | . . . . . . . . . . . . . . . . . . . . . Total Robot Build Rating . | . . . . . . . . . . . . . . . . . . . . . Part Schematics Acquired 15 | . 1 . . . 3 . . . 8 . . . . 3 . . . . . . Parts Built . | . . . . . . . . . . . . . . . . . . . . . Authchips . | . . . . . . . . . . . . . . . . . . . . . Time . | . . . . . . . . . . . . . . . . . . . . . Total Part Build Rating . | . . . . . . . . . . . . . . . . . . . . . Part Studies Acquired . | . . . . . . . . . . . . . . . . . . . . . Parts Repaired 4 | . 1 . . 3 . . . . . . . . . . . . . . . . Time 152 | . 32 . . 120 . . . . . . . . . . . . . . . . Parts Recycled . | . . . . . . . . . . . . . . . . . . . . . Recycled Matter . | . . . . . . . . . . . . . . . . . . . . . Retrieved Matter . | . . . . . . . . . . . . . . . . . . . . . Retrieved Components 20 | . . . . . 17 . . . . . . . . . . 3 . . . . Parts Scanalyzed . | . . . . . . . . . . . . . . . . . . . . . Part Schematics Acquired . | . . . . . . . . . . . . . . . . . . . . . Parts Damaged . | . . . . . . . . . . . . . . . . . . . . . Bothacking | -11 -10 -10 -8 -8 -8 -6 -6 -6 -6 -5 -5 -5 -5 -5 -4 -4 -4 -4 -4 -4 ------------ Run | Yrd Mat Sub Mat Sto Rec Fac Low Low Dat Pro Fac Upp Upp Zhi Pro Fac Ext Cet Arc Hub Used RIF Installer . | . . . . . . . . . . . . . . . . . . . . . Robots Hacked . | . . . . . . . . . . . . . . . . . . . . . Non-combat . | . . . . . . . . . . . . . . . . . . . . . Combat . | . . . . . . . . . . . . . . . . . . . . . Robot Hacks Applied . | . . . . . . . . . . . . . . . . . . . . . Relay Couplers Released 2 | . . . . . . . . . . . . . . . . . . . . 2 Machine Destruction 2 | . . . . . . . . . . . . . . . . . . . . 2 Fabnet Peak Effective % . | . . . . . . . . . . . . . . . . . . . . . Robots Rewired 21 | . . . . . 14 . . . . . . . . . . . 7 . . . Allies Hacked 4 | . . . . . . 4 . . . . . . . . . . . . . . Hacks Repelled . | . . . . . . . . . . . . . . . . . . . . . Allies | -11 -10 -10 -8 -8 -8 -6 -6 -6 -6 -5 -5 -5 -5 -5 -4 -4 -4 -4 -4 -4 -------- Run | Yrd Mat Sub Mat Sto Rec Fac Low Low Dat Pro Fac Upp Upp Zhi Pro Fac Ext Cet Arc Hub Total Allies 38 | . . . . . 14 3 . . . . . . . . . . 21 . . . Largest Group 13 | . . . . . 13 13 . . . . . . . . . . 13 12 . . Highest-Rated Group 581 | . . . . . 251 251 . . . . . . . . . . 581 535 . . Highest-Rated Ally 51 | . . . . . 27 29 . . . . . . . . . . 51 46 . . Total Orders . | . . . . . . . . . . . . . . . . . . . . . Ally Attacks 446 | . . . . . 1 87 63 . . . . . . . . . 235 60 . . Total Damage 9575 | . . . . . 33 1511 1409 . . . . . . . . . 5372 1250 . . Kills 53 | . . . . . 1 13 7 . . . . . . . . . 27 5 . . Allies Corrupted 1 | . . . . . . 1 . . . . . . . . . . . . . . Allies Melted 1 | . . . . . . . 1 . . . . . . . . . . . . . Borg Created 11 | . . . . . . 10 1 . . . . . . . . . . . . . Largest Collective 5 | . . . . . . 4 5 . . . . . . . . . . . . . Intel | -11 -10 -10 -8 -8 -8 -6 -6 -6 -6 -5 -5 -5 -5 -5 -4 -4 -4 -4 -4 -4 ------- Run | Yrd Mat Sub Mat Sto Rec Fac Low Low Dat Pro Fac Upp Upp Zhi Pro Fac Ext Cet Arc Hub Active Infowar (turns) 130 | . . . . . . . . . . . 129 . . . 1 . . . . . Optics 1 | . . . . . . . . . . . 1 . . . . . . . . . Traps 128 | . . . . . . . . . . . 128 . . . . . . . . . Seismic 1 | . . . . . . . . . . . . . . . 1 . . . . . Robot Analysis Total 9 | . 3 . . . 1 . . . . . 1 . . 4 . . . . . . Derelict Logs Recovered 9 | . . 1 . . . . 1 . . 1 . 3 1 . 2 . . . . . Drone Launches . | . . . . . . . . . . . . . . . . . . . . . Drone Recoveries . | . . . . . . . . . . . . . . . . . . . . . Exploration | -11 -10 -10 -8 -8 -8 -6 -6 -6 -6 -5 -5 -5 -5 -5 -4 -4 -4 -4 -4 -4 ------------- Run | Yrd Mat Sub Mat Sto Rec Fac Low Low Dat Pro Fac Upp Upp Zhi Pro Fac Ext Cet Arc Hub Turns Passed 26554 | 5 1555 2363 977 1107 2612 1426 2518 1641 138 726 2635 848 608 218 777 1650 2024 726 382 1618 Spaces Moved 10124 | 1 817 1335 390 343 1136 539 530 635 77 236 545 336 340 162 413 525 958 223 78 505 Core . | . . . . . . . . . . . . . . . . . . . . . Treads 8851 | 1 817 1335 390 343 1136 539 530 635 77 236 250 336 340 162 409 53 640 223 78 321 Legs 1130 | . . . . . . . . . . . 278 . . . 4 346 318 . . 184 Wheels 143 | . . . . . . . . . . . 17 . . . . 126 . . . . Hover . | . . . . . . . . . . . . . . . . . . . . . Flight . | . . . . . . . . . . . . . . . . . . . . . Fastest Speed 108 | 160 160 160 163 145 145 225 227 181 181 181 170 197 117 117 117 130 108 254 254 171 Average Speed 189 | 160 160 160 176 158 145 226 298 214 181 195 273 197 142 117 147 216 146 254 286 256 Slowest Speed 375 | 160 160 240 255 170 145 305 341 261 181 261 360 197 197 117 197 375 254 254 298 301 Overloaded Moves . | . . . . . . . . . . . . . . . . . . . . . Propulsion Burnouts . | . . . . . . . . . . . . . . . . . . . . . Robots Hopped . | . . . . . . . . . . . . . . . . . . . . . Potential Cave-ins . | . . . . . . . . . . . . . . . . . . . . . Cave-ins Triggered . | . . . . . . . . . . . . . . . . . . . . . Exploration Rate (%) 52 | 2 98 61 27 52 99 15 75 43 68 37 8 41 55 60 63 15 82 56 71 65 Regions Visited 20 Branch Regions 15 Pre-discovered Areas 10 | . . . . 2 2 . . . . 1 . 1 . 3 1 . . . . . Known Exits Taken 11 | . 1 1 1 1 1 1 1 . . 1 1 . . . 1 1 . . . . Unknown Exits Taken 9 | 1 . . . . . . . 1 1 . . 1 1 1 . . 1 1 1 . Scrap Searched 14 | . . 5 . . . . 2 1 . 2 . 2 1 . 1 . . . . . Spaces Dug 12 | . . . . . 1 . . . . . 2 . . . . 7 . . . 2 Terrain Destroyed 323 | . . 34 . 2 1 . . 8 . 1 26 3 3 . 12 72 27 . 10 124 Melee . | . . . . . . . . . . . . . . . . . . . . . Projectile 133 | . . . . 2 1 . . 8 . 1 9 3 3 . 11 22 27 . 10 36 AOE 190 | . . 34 . . . . . . . . 17 . . . 1 50 . . . 88 Terrain Rammed . | . . . . . . . . . . . . . . . . . . . . . Walls Destroyed . | . . . . . . . . . . . . . . . . . . . . . Machines Disabled . | . . . . . . . . . . . . . . . . . . . . . Actions | -11 -10 -10 -8 -8 -8 -6 -6 -6 -6 -5 -5 -5 -5 -5 -4 -4 -4 -4 -4 -4 --------- Run | Yrd Mat Sub Mat Sto Rec Fac Low Low Dat Pro Fac Upp Upp Zhi Pro Fac Ext Cet Arc Hub Total 16381 | 6 997 1443 605 824 2052 698 1427 872 76 464 1625 507 451 191 558 945 1451 345 195 649 Wait 4840 | . 112 6 144 408 763 103 825 171 . 170 951 134 79 8 94 295 361 86 96 34 Move 10104 | . 816 1334 389 342 1135 538 529 634 76 235 544 335 339 161 412 524 957 222 77 505 Hop . | . . . . . . . . . . . . . . . . . . . . . Pick Up 128 | . 16 8 6 3 2 3 14 11 . 11 21 4 4 6 4 4 5 3 . 3 Fast Attach 61 | . 3 1 11 6 1 1 . 1 . . 9 . 1 5 2 10 4 3 2 1 Attach 40 | 2 . 4 2 . 1 4 3 . . 1 9 1 . . . 3 2 3 . 5 Detach 11 | . . . . . 2 1 . . . . 4 . . . . 1 1 1 . 1 Swap 47 | . 5 9 2 14 2 . . . . . 2 . . . 1 2 2 3 . 5 Drop 164 | 4 9 9 12 14 5 7 11 9 . 8 26 4 5 9 6 8 5 6 2 5 Fire 803 | . 35 72 39 37 28 31 44 46 . 39 58 29 23 2 39 98 58 18 18 89 Melee 9 | . . . . . . . . . . . . . . . . . 9 . . . Ram . | . . . . . . . . . . . . . . . . . . . . . Kick 1 | . . . . . . . . . . . . . . . . . . . . 1 Crush 1 | . 1 . . . . . . . . . . . . . . . . . . . Escape Stasis 6 | . . . . . . . . . . . . . . . . . 6 . . . Rewire 154 | . . . . . 113 . . . . . . . . . . . 41 . . . Trap 1 | . . . . . . . . . . . 1 . . . . . . . . . Miscellaneous 11 | . . . . . . 10 1 . . . . . . . . . . . . . Route ------- -11/Scrapyard -10/Materials (discovered 6 exits: [*Mat x3] / *Min x2 / *Sub) -10/Subcaves (discovered 3 exits: *Mat x2 / *Rec) -8/Materials (discovered 3 exits: *Fac / *Sto x2) -8/Storage (discovered 2 exits: Fac / *Rec) -8/Recycling -6/Factory (discovered 6 exits: Fac x4 / *Low x2) -6/Lower Caves -6/Lower Caves (discovered 2 exits: Fac / *Dat) -6/Data Miner -5/Proximity Caves -5/Factory (discovered 4 exits: Fac x2 / *Upp x2) -5/Upper Caves -5/Upper Caves -5/Zhirov -4/Proximity Caves -4/Factory (discovered 3 exits: Res / [*Upp] / *Ext) -4/Extension (discovered 2 exits: *Res / [*Cet]) -4/Cetus (discovered 2 exits: *Res / [*Arc]) -4/Archives -4/Hub_04(d) (discovered 2 exits: *Res x2) History --------- Turn | Location | Event 6 | -11/Scrapyard | Discovered new exit (range 0) 6 | -11/Scrapyard | Entered Materials 314 | -10/Materials | Build established: Mutant 374 | -10/Materials | Discovered new exit (range 6) 542 | -10/Materials | Discovered new exit (range 6) 613 | -10/Materials | Discovered new exit (range 7) 746 | -10/Materials | Discovered new exit (range 12) 972 | -10/Materials | Repaired Med. Armor Plating 1001 | -10/Materials | Discovered new exit (range 16) 1339 | -10/Materials | Learned Storage emergency access door positions 1363 | -10/Materials | Learned 4 Subcaves zone layouts 1363 | -10/Materials | Discovered new exit (range 7) 1377 | -10/Materials | Learned location of 1 exit from Recycling 1383 | -10/Materials | Learned Storage trap positions 1384 | -10/Materials | Learned Storage emergency access door positions 1386 | -10/Materials | Learned Storage stockpile data 1393 | -10/Materials | Learned 4 Subcaves zone layouts 1411 | -10/Materials | Identified exit to Subcaves 1411 | -10/Materials | Identified exit to Mines 1561 | -10/Materials | Entered Subcaves 1562 | -10/Subcaves | Approached by a straggling Scientist 1562 | -10/Subcaves | Identified exit to Materials 1803 | -10/Subcaves | Ambushed by Subdwellers from Twisted Machinery 1853 | -10/Subcaves | Discovered exit to Materials (range 10) 2184 | -10/Subcaves | Discovered new exit (range 13) 2331 | -10/Subcaves | Lost 3 parts (2n1u) 2876 | -10/Subcaves | Shifting Twisted Machinery released Ripper 3307 | -10/Subcaves | A swath of the cavern ceiling suddenly collapsed 3656 | -10/Subcaves | Visited 4L-MR0's lab 3679 | -10/Subcaves | Found Prototype Special Melee Weapon 3704 | -10/Subcaves | Found Prototype Processor 3924 | -10/Subcaves | Entered Materials 3924 | -8/Materials | Evolved 4 slots: Propulsion x1, Utility x2, Weapon x1 3925 | -8/Materials | Identified exit to Storage 4237 | -8/Materials | Garrison activated, responded to threat 4370 | -8/Materials | Build established: Tank 4429 | -8/Materials | Discovered new exit (range 11) 4846 | -8/Materials | Discovered exit to Storage (range 16) 4901 | -8/Materials | Entered Storage 4902 | -8/Storage | Loaded intel: 21 trap records 5201 | -8/Storage | Build established: Gunner 5501 | -8/Storage | Repaired Hvy. Assault Rifle 5547 | -8/Storage | Repaired Mak. Light Armor Plating 5592 | -8/Storage | Repaired Gauss Rifle 5627 | -8/Storage | Identified exit to Recycling 5696 | -8/Storage | Learned location of 1 exit from Recycling 5754 | -8/Storage | Identified exit to Factory 5801 | -8/Storage | Learned Storage trap positions 5830 | -8/Storage | Used back door to open Recycling access 5865 | -8/Storage | Learned Storage trap positions 5887 | -8/Storage | Learned location of 2 exits from Factory 5905 | -8/Storage | Learned location of Zion (-7) 5932 | -8/Storage | Learned location of Extension (-4) 5971 | -8/Storage | Learned 2 Lower Caves zone layouts 6008 | -8/Storage | Entered Recycling 6009 | -8/Recycling | Identified exit to Factory 6380 | -8/Recycling | Build established: Tank 6654 | -8/Recycling | Learned location of 1 exit from Storage 6766 | -8/Recycling | Learned 4 Factory zone layouts 6806 | -8/Recycling | Learned 4 Factory zone layouts 6834 | -8/Recycling | Learned location of 2 exits from Factory 6920 | -8/Recycling | Learned Factory terminal intel 6977 | -8/Recycling | Learned Storage security intel 7064 | -8/Recycling | Build established: Commander-Tank 7538 | -8/Recycling | Entered Scraplab 7621 | -8/Recycling | Found Prototype Device 7621 | -8/Recycling | Identified Scrap Engine 7973 | -8/Recycling | Build established: Commander-Mutant 8620 | -8/Recycling | Entered Factory 8620 | -6/Factory | Accompanied by 13 allies 8620 | -6/Factory | Evolved 4 slots: Utility x1, Weapon x3 8621 | -6/Factory | Identified exit to Factory 8621 | -6/Factory | Identified exit to Lower Caves 8621 | -6/Factory | Identified 1B-0RG's Assimilator 8624 | -6/Factory | Loaded intel: 26 terminal locations 8699 | -6/Factory | Identified Rainbow Chip 8749 | -6/Factory | Assimilating Processor 5a into Collective. 8906 | -6/Factory | Assimilating Engineer 5a into Collective. 8999 | -6/Factory | Assimilating Machinist 5a into Collective. 9251 | -6/Factory | P-60 Hacker assimilated allied *S1-AQ7 9286 | -6/Factory | P-60 Hacker assimilated allied *D3-4Q4 9288 | -6/Factory | Garrison activated, responded to threat 9303 | -6/Factory | Assimilating Fighter 5a into Collective. 9306 | -6/Factory | Assimilating Gladiator 5a into Collective. 9309 | -6/Factory | Lost 12 allies 9318 | -6/Factory | Assimilating Hacker 5a into Collective. 9494 | -6/Factory | Lost 3 allies 9626 | -6/Factory | Assimilating Fighter 5b into Collective. 9638 | -6/Factory | Assimilating Soldier 5a into Collective. 9645 | -6/Factory | Build established: Hacker-Mutant 9920 | -6/Factory | Assimilating Processor 5b into Collective. 9971 | -6/Factory | Assimilating Guardian 5a into Collective. 10046 | -6/Factory | Entered Lower Caves 10046 | -6/Lower Caves | Accompanied by 4 allies 10112 | -6/Lower Caves | Assimilating D3-MDL(S) into Collective. 10187 | -6/Lower Caves | Spotted B-75 Beast 10204 | -6/Lower Caves | Allies destroyed B-75 Beast 11266 | -6/Lower Caves | Attracted the attention of an 0b10 base 11327 | -6/Lower Caves | Lost 4 allies 11415 | -6/Lower Caves | Learned 6 Proximity Caves zone layouts 12005 | -6/Lower Caves | Attracted the attention of an 0b10 checkpoint 12532 | -6/Lower Caves | Identified exit to Lower Caves 12536 | -6/Lower Caves | Build established: Construct 12564 | -6/Lower Caves | Entered another Lower Caves area 14189 | -6/Lower Caves | Discovered new exit (range 8) 14205 | -6/Lower Caves | Entered Data Miner 14205 | -6/Data Miner | Discovered new exit (range 6) 14240 | -6/Data Miner | Met Data Miner 14300 | -6/Data Miner | Received God Mode back door access code from Data Miner 14343 | -6/Data Miner | Entered Proximity Caves 14564 | -5/Proximity Caves | Attracted the attention of an 0b10 checkpoint 14989 | -5/Proximity Caves | Learned location of Armory (-3) 15069 | -5/Proximity Caves | Entered Factory 15069 | -5/Factory | Evolved 2 slots: Power x1, Utility x1 15070 | -5/Factory | Identified exit to Factory 15070 | -5/Factory | Identified exit to Upper Caves 15626 | -5/Factory | Build established: Hacker-Gunner 16183 | -5/Factory | Build established: Hacker-Tank 16201 | -5/Factory | Cargo convoy interrupted 16807 | -5/Factory | Attached Rainbow Chip, gained temporary slots: Power, Propulsion, Utility, Weapon 17660 | -5/Factory | System corruption reached 10% 17704 | -5/Factory | Entered Upper Caves 17829 | -5/Upper Caves | Spotted B-75 Beast 17831 | -5/Upper Caves | Learned location of Warlord (-4) 17844 | -5/Upper Caves | Destroyed B-75 Beast 17968 | -5/Upper Caves | Build established: Scavenger-Gunner 18173 | -5/Upper Caves | Attracted the attention of an 0b10 checkpoint 18209 | -5/Upper Caves | Learned 4 Factory zone layouts 18538 | -5/Upper Caves | Discovered new exit (range 6) 18552 | -5/Upper Caves | Entered another Upper Caves area 18774 | -5/Upper Caves | Learned Factory garrison access intel 18779 | -5/Upper Caves | Entered a destroyed Warlord outpost 19104 | -5/Upper Caves | Attracted the attention of an 0b10 checkpoint 19145 | -5/Upper Caves | Discovered new exit (range 14) 19160 | -5/Upper Caves | Entered Zhirov 19160 | -5/Zhirov | Discovered new exit (range 3) 19174 | -5/Zhirov | Build established: Construct 19182 | -5/Zhirov | Met Zhirov 19204 | -5/Zhirov | Learned location of Quarantine (-2) 19204 | -5/Zhirov | Learned location of Testing (-3) 19204 | -5/Zhirov | Learned location of Command (-1) 19214 | -5/Zhirov | Zhirov requested help retrieving the SGEMP Prototype 19234 | -5/Zhirov | Found Alien Artifact 19234 | -5/Zhirov | Identified Integrated Reactor 19234 | -5/Zhirov | Installed Integrated Reactor, increased core energy generation (+10) 19251 | -5/Zhirov | Found Alien Artifact 19378 | -5/Zhirov | Entered Proximity Caves 19659 | -4/Proximity Caves | Learned Research garrison access intel 20073 | -4/Proximity Caves | Discovered exit to Factory (range 6) 20076 | -4/Proximity Caves | Attracted the attention of an 0b10 checkpoint 20155 | -4/Proximity Caves | Entered Factory 20155 | -4/Factory | Evolved 2 slots: Power x1, Utility x1 20156 | -4/Factory | Identified exit to Research 20156 | -4/Factory | Identified exit to Extension 20157 | -4/Factory | Loaded intel: 4 garrison access locations 20380 | -4/Factory | Build established: Mutant 20826 | -4/Factory | Build established: Tank 20883 | -4/Factory | Allied Derelicts emerged from ambush trap array 21467 | -4/Factory | Discovered new exit (range 13) 21723 | -4/Factory | Build established: Construct 21805 | -4/Factory | Entered Extension 21807 | -4/Extension | Disrupted transfer network 22229 | -4/Extension | Rescued a captive Derelict 22230 | -4/Extension | Rescued a captive Derelict 22250 | -4/Extension | Rescued a captive Derelict 22253 | -4/Extension | Rescued a captive Derelict 22389 | -4/Extension | Rescued a captive Derelict 22454 | -4/Extension | Rescued a captive Derelict 22455 | -4/Extension | Rescued a captive Derelict 22907 | -4/Extension | Build established: Commander-Construct 22972 | -4/Extension | Spotted B-86 Titan 22994 | -4/Extension | Allies destroyed B-86 Titan 23004 | -4/Extension | Spotted B-86 Titan 23014 | -4/Extension | Allies destroyed B-86 Titan 23228 | -4/Extension | Rescued a captive Derelict 23229 | -4/Extension | Rescued a captive Derelict 23298 | -4/Extension | Rescued a captive Derelict 23300 | -4/Extension | Rescued a captive Derelict 23374 | -4/Extension | Build established: Scavenger-Construct 23420 | -4/Extension | Rescued a captive Derelict 23428 | -4/Extension | Rescued a captive Derelict 23504 | -4/Extension | Lost 6 parts (1n3u2w) 23519 | -4/Extension | Destroyed 7 combat bots 23570 | -4/Extension | Rescued a captive Derelict 23770 | -4/Extension | Discovered exit to Research (range 10) 23772 | -4/Extension | Discovered new exit (range 6) 23829 | -4/Extension | Entered Cetus 23829 | -4/Cetus | Accompanied by 12 allies 23866 | -4/Cetus | Spotted Cetus Guard 23868 | -4/Cetus | Spotted Cetus Guard 23870 | -4/Cetus | Spotted Cetus Guard 23872 | -4/Cetus | Spotted Cetus Guard 23878 | -4/Cetus | Destroyed Cetus Guard 23885 | -4/Cetus | Allies destroyed Cetus Guard 23893 | -4/Cetus | Allies destroyed Cetus Guard 23893 | -4/Cetus | Allies destroyed Cetus Guard 23918 | -4/Cetus | Lost 7 allies 24209 | -4/Cetus | Discovered new exit (range 15) 24234 | -4/Cetus | Build established: Construct 24254 | -4/Cetus | Spotted Cetus Guard 24257 | -4/Cetus | Spotted Cetus Guard 24257 | -4/Cetus | Spotted Cetus Guard 24259 | -4/Cetus | Spotted Cetus Guard 24263 | -4/Cetus | Allies destroyed Cetus Guard 24269 | -4/Cetus | Destroyed Cetus Guard 24278 | -4/Cetus | Destroyed Cetus Guard 24298 | -4/Cetus | Destroyed Cetus Guard 24304 | -4/Cetus | Lost 5 allies 24339 | -4/Cetus | Discovered exit to Research (range 16) 24365 | -4/Cetus | Met Revision 17 24555 | -4/Cetus | Entered Archives 24650 | -4/Archives | Build established: Scavenger-Construct 24696 | -4/Archives | Discovered new exit (range 16) 24937 | -4/Archives | Entered Hub_04(d) 25166 | -4/Hub_04(d) | Destroyed 7 combat bots 25272 | -4/Hub_04(d) | Build established: Hacker-Construct 25781 | -4/Hub_04(d) | Discovered exit to Research (range 8) 26063 | -4/Hub_04(d) | Discovered exit to Research (range 15) 26383 | -4/Hub_04(d) | Garrison activated, responded to threat 26481 | -4/Hub_04(d) | Spotted B-86 Titan 26485 | -4/Hub_04(d) | Core integrity fell below 50% 26533 | -4/Hub_04(d) | Core integrity fell below 20% 26556 | -4/Hub_04(d) | Core destroyed Last Messages --------------- 26549_ Slug penetrates Wall. 26551_ Overheating: Hcp. Storage Unit damaged (-31). 26551_ K-01 Serf collects debris. 26552_ Overheating: Hcp. Storage Unit damaged (-20). 26552_ K-01 Serf destroyed. 26552_ U-05 Engineer builds a Wall. 26552_ ALERT: Construction progress impeded, dispatching reinforcements to local area. 26553_ Power failure, Neutrino-Quantum Core shutdown. 26553_ Neutrino-Quantum Core destroyed. 26553_ Scrap Engine damaged due to network destabilization (-6). 26553_ Penetrated by Slug. 26553_ Slug penetrates Wall. 26554_ Overheating: System interference. 26554_ Micro-nuke Launcher temporarily disabled. 26554_ Slug penetrates U-05 Engineer. 26554_ U-05 Engineer destroyed. 26554_ Slug penetrates B-86 Titan. 26556_ Overheating: Core damaged (-161). Map ----- +----------------------------------------------------+ | ! #? #????????????????????????????? | | ! #??? ??????????????????????????????? | | ] !#??###+#############????#??????????????? | | #######??# != [][%[]=%[! +??????????????? | | ??######## ! = =!%*][%%= ???????????????? | | ### #! ###############+##???????????????? | | + !! |#= # ## #???????????????? | | ### !!| *+% /= """ ## #???????????????? | | ??# *%! !#[ #%"""" ## #???????????????? | | # = [+% #=[""" ##! #???????????????? | | ### #### ["" ## #???????????????? | | ??###### #??#=%= "" #???????????????? | | ######?###??###=##### """" #???????????????? | | """????????###???# """" #???????????????? | | """??????????????# """k #???###?????????? | | """" #??????????# "" #### ##??##????? | | """" #?????????##+##; # #? #???? | | #?????????## ##; % # "???? | | #?? " " " # = ???? | | ## + %= BB| A ????? | | ! ## !! " " # BB %= ?????? | | ########### !! " " ## ! ! #????????? | | #???! " "?#" ##[%! #????????? | | !!! #??? ???# #% * #????????? | | !!! #???###????# #T = ^ #????????? | | !!! #??????????# #"@!" #?????????? | | #??????????# ## G * #????????? | | """ """ #??????????# ##u%"" #????????? | | #??????????# "; " w ^+????????? | | #??????????# "# ^#????????? | | #########??????????# ## #????????? | | #???????????????? " ?#####;#######????????? | | #??????????????? # ?????? ??????????????? | | ##########??????? # ?????? ?????????????? | | # #??????###?#???????? ????????????? | | # """ #??????????????????? ???????????? | | # #??????????????????? ? ???????????? | | + """ #???????????????????? ?? ???????????? | | # #???????????????????? ??? ??????????? | | """ #???????????????????????????????????? | | # #???????????????????????????????????? | | # """ #???????????????????????????????????? | | # #???????????????????????????????????? | | ##########???????????????????????????????????? | | #??????????????????????????????????????? | | ???????????????????????????????????????? | | """" #??????????????????????????????????????? | | """" #??????????????????????????????????????? | | """" #??????????????????????????????????????? | | """" #??????????????????????????????????????? | +----------------------------------------------------+ Best States ------------- Heat Dissipation 89 Energy Generation 96 Energy Capacity 1184 Matter Stores 300 Matter Capacity 300 Sight Range 16 Terrain Scan Density 10 Armor Coverage 375 Resistance: KI 20 Resistance: TH 30 Resistance: EX 20 Resistance: EM 20 Resistance: I 20 Resistance: S 20 Resistance: P 20 Power Shielding 90 Propulsion Shielding 33 Weapon Cycling 20 Phase Shifting 10 Evasion (%) 55 Targeting Accuracy 8 Recoil Reduction 3 Salvage Targeting 3 Offensive Hacking 24 Defensive Hacking 11 Item Schematics ----------------- Hcp. Storage Unit | -10/Materials | Hacked Flak Gun | -8/Recycling | Hacked Hacking Suite | -8/Recycling | Hacked Hvy. Ion Cannon | -8/Recycling | Hacked Combat Drone Bay | -6/Data Miner | Free Lgt. Regenerative Plating | -6/Data Miner | Free Exp. Heat Sink | -6/Data Miner | Free Tiamat Missile Launcher | -6/Data Miner | Free Centrium Wheel | -6/Data Miner | Free Heavy Servo Lattice | -6/Data Miner | Free Hvy. Gauss Cannon | -6/Data Miner | Free Enh. Armored Leg | -6/Data Miner | Free Assault Drone Bay | -5/Zhirov | Free Exp. Optical Array | -5/Zhirov | Free Imp. Arc Thrower | -5/Zhirov | Free Robot Schematics ------------------ E-15 Imp | -6/Data Miner | Free B-48 Gladiator | -6/Data Miner | Free L-41 Fighter | -6/Data Miner | Free S-27 Virus | -6/Data Miner | Free G-67 Veteran | -6/Data Miner | Free Fabricated ------------ Nothing Repaired ---------- Med. Armor Plating | 30% | -10/Materials Hvy. Assault Rifle | 60% | -8/Storage Mak. Light Armor Plating | 56% | -8/Storage Gauss Rifle | 47% | -8/Storage Studied --------- None Alien Tech Used ----------------- Integrated Reactor Achievements -------------- Bigger Is Better Challenges ------------ None Game ------ Seed AntimatterBlanketCannon Manual? 0 Play Time 02:48:25 Cumulative 471.9 hours Start 2026.03.10 @ 11:33:35 End 2026.03.10 @ 14:51:12 Sessions 5 Manual Loads 0 Difficulty Adventurer Special Mode None Game No. 346 Rogue 63 Adventurer 257 Explorer 26 Win Type - Total 2 Types 2/0/0/0/0/0/0/0/0/0 Lore% 83 Gallery% 70 Achievement% 50 Wizard Run 0 Options --------- Layout 2 ASCII 0 Keyboard 0 Movement Mouse Keybinds 0 Fullscreen 0 Font 16/Cog Map View 64x51 Zoom Use 0% Tactical HUD 1 Map Filters NONE Filters BRIGHTNESS(115)|SATURATION(100)|LOW_CONTRAST(0,16,30) Steam 1 RUN: 511d92fd-716f-4e7b-9a42-c087a4326093